 Dungeon Crawl Stone Soup version 0.28-a0-674-gdaf460b524 (webtiles) character file.

Game seed: 3822451612056291562

14 jasper the Grave Robber (level 2, -1/19 HPs)
             Began as a Demonspawn Necromancer on Oct 17, 2021.
             Slain by a worm (8 damage)
             ... on level 2 of the Dungeon.
             The game lasted 00:02:22 (1928 turns).

jasper the Grave Robber (Demonspawn Necromancer)    Turns: 1928, Time: 00:02:23

Health: -1/19      AC:  5    Str:  8    XL:     2   Next: 27%
Magic:  0/5        EV: 10    Int: 16    God:
Gold:   23         SH:  0    Dex: 13    Spells: 3/5 levels left

rFire   . . .      SeeInvis .   h - +0 spear
rCold   . . .      Faith    .   (no shield)
rNeg    . . .      Spirit   .   e - +0 ring mail
rPois   .          Reflect  .   (helmet restricted)
rElec   .          Harm     .   (no cloak)
rCorr   .          Rampage  .   (no gloves)
Will    .....                   (no boots)
Stlth   +.........              (no amulet)
HPRegen 0.06/turn               (no ring)
MPRegen 0.09/turn               (no ring)

@: no status effects
A: antennae 1
a: no special abilities


You were on level 2 of the Dungeon.
You visited 1 branch of the dungeon, and saw 2 of its levels.

You collected 23 gold pieces.

Inventory:

Hand Weapons
 d - a +0 dagger
 h - a +0 spear (weapon)
Missiles
 i - 35 stones
Armour
 a - a +0 robe
 e - a +0 ring mail (worn)
Scrolls
 b - 2 scrolls of immolation {unknown}
 c - a scroll of teleportation {unknown}
Potions
 f - 3 potions of attraction {unknown}
 g - a potion of degeneration {unknown}


   Skills:
 + Level 0.2 Armour
 - Level 1.7 Dodging
 - Level 1.7 Stealth
 - Level 2.0 Spellcasting
 + Level 5.0 Necromancy


You had 3 spell levels left.
You knew the following spells:

 Your Spells              Type           Power      Damage    Failure   Level
a - Pain                  Necr           68%        1d7       9%          1
b - Animate Skeleton      Necr           34%        N/A       9%          1

Your spell library contained the following spells:

 Spells                   Type           Power      Damage    Failure   Level
 Vampiric Draining        Necr           8%         2d7       24%         3
 Animate Dead             Necr           8%         N/A       63%         4
 Agony                    Necr           17%        N/A       92%         5


Dungeon Overview and Level Annotations

Branches:
Dungeon (2/15)

Altars:


Innate Abilities, Weirdness & Mutations

You have a pair of small antennae on your head.


Message History

You start resting.
Magic restored.
MP restored: 5 You start resting.
HP restored.
Health restored: 19 You climb downwards.
The worm bites you but does no damage.
There is a stone staircase leading up here.
Aiming: Pain (safe; 9% risk of failure)
Press: ? - help, Q - select action, (/) - cycle Shift-Dir - straight line, f - worm
Aim: a worm (chance to affect: 82%)
The worm writhes in agony!
The worm bites you.
You take 5 damage, and have 14/19 hp.
MASSIVE DAMAGE!!
You now have 4/5 mp.
Aiming: Pain (safe; 9% risk of failure)
Press: ? - help, Q - select action, (/) - cycle Shift-Dir - straight line, f/p - worm
Aim: a worm (moderately wounded, chance to affect: 82%)
The worm barely resists.
You take 1 damage, and have 13/19 hp.
You now have 3/5 mp.
Aiming: Pain (safe; 9% risk of failure)
Press: ? - help, Q - select action, (/) - cycle Shift-Dir - straight line, f/p - worm
Aim: a worm (moderately wounded, chance to affect: 82%)
The worm writhes in agony.
The worm bites you.
You take 4 damage, and have 9/19 hp.
MASSIVE DAMAGE!!
You now have 2/5 mp.
Aiming: Pain (safe; 9% risk of failure)
Press: ? - help, Q - select action, (/) - cycle Shift-Dir - straight line, f/p - worm
Aim: a worm (heavily wounded, chance to affect: 82%)
The worm writhes in agony.
The worm bites you but does no damage.
You take 1 damage, and have 8/19 hp.
You now have 1/5 mp.
Aiming: Pain (safe; 9% risk of failure)
Press: ? - help, Q - select action, (/) - cycle Shift-Dir - straight line, f/p - worm
Aim: a worm (severely wounded, chance to affect: 82%)
The worm writhes in agony.
You take 1 damage, and have 7/19 hp.
You now have 0/5 mp.
You barely miss the worm.
The worm is almost dead.
The worm bites you!
You die...

###########
#......#...#
##.####.#.#.#
........#.#.#########
###.##..............#
##.####........@...#
##.....+.........w..#
...#####............#
##..# #............#
.##.# #............#
..#.####............#
##..#....#...#.#.####
..#w#.##.###.#.#.#
.##.#.##.....#.#.#


You could see a worm.

Vanquished Creatures
  3 endoplasms
  A goblin (D:1)
  2 jackals (D:2)
  A ball python (D:2)
  A bat (D:1)
  A frilled lizard (D:2)
  2 kobolds
  2 rats (D:1)
13 creatures vanquished.

Notes
Turn   | Place    | Note
-------+----------+-------------------------------------------
     0 | D:1      | jasper the Demonspawn Necromancer began the quest for the
                  | Orb.
     0 | D:1      | Reached XP level 1. HP: 13/13 MP: 3/3
  1031 | D:1      | Learned a level 1 spell: Animate Skeleton
  1060 | D:2      | Gained mutation: You have a pair of small antennae on your
                  | head. [demonic ancestry]
  1060 | D:2      | Reached XP level 2. HP: 15/19 MP: 1/5
  1327 | D:2      | Reached skill level 5 in Necromancy
  1928 | D:2      | Slain by a worm

Illustrated notes

Levels and vault maps discovered:
D:1:      dpeg_chamrin_arrival_tetris, layout_basic, grunt_decor_cap,
          minmay_misc_feat_doors, lemuel_flame_loot_1
D:2:      layout_basic, minmay_ruptured

Skill      XL: |  1  2 |
---------------+-------+-----
Necromancy     | 5 |  5.0
Armour         | |  0.2
Dodging        | |  1.7
Stealth        | |  1.7
Spellcasting   | |  2.0

Action                   || total
-------------------------++-------
Melee: Unarmed           ||     4
       Dagger            ||    38
       Spear             ||    16
 Cast: Pain              ||    23
Armor: Ring mail         ||    22
       Robe              ||     2
Dodge: Dodged            ||    25

Table legend: (Time is in decaauts)
 A = Elapsed time spent in this place.
 B = Non-inter-level travel time spent in this place.
 C = Inter-level travel time spent in this place.
 D = Time resting spent in this place.
 E = Time spent auto-exploring this place.
 F = Levels seen in this place.
 G = Mean time per level.
                   A        B        C        D        E       F      G
               +--------+--------+--------+--------+--------+-----+--------+
         Total |   1930 |   1869 |     61 |    582 |   1062 |   2 |  965.0 |
       Dungeon |   1930 |   1869 |     61 |    582 |   1062 |   2 |  965.0 |
               +--------+--------+--------+--------+--------+-----+--------+

Top non-repeatable levels by time:
     D:1: 1430 daAuts
     D:2: 500 daAuts
